 Dungeon Crawl Stone Soup version 0.27-a0-1177-g245c70e1c0 (webtiles) character file.

Game seed: 7025495410166696680

4722 Gorglomux the Placeless Vine Stalker (level 10, 0/50 (56) HPs)
             Began as a Vine Stalker Warper on May 16, 2021.
             Was a Follower of Uskayaw.
             Slain by a wyvern (12 damage)
             ... on level 7 of the Dungeon.
             The game lasted 00:22:13 (8514 turns).

Gorglomux the Placeless Vine Stalker (VSWr)         Turns: 8514, Time: 00:22:14

HP:   0/50 (56)     AC:  7    Str: 16    XL:     10   Next: 45%
MP:   0/23          EV: 11    Int: 13    God:    Uskayaw [*.....]
Gold: 349           SH:  0    Dex: 15    Spells: 12/25 levels left

rFire    . . .     SeeInvis .   o - +3 dagger (flame)
rCold    . . .     Faith    .   (no shield)
rNeg     . . .     Spirit   +   b - +0 leather armour
rPois    .         Reflect  .   i - +0 helmet
rElec    .         Harm     .   (no cloak)
rCorr    .         Rampage  .   (no gloves)
Will     +....                  m - +2 pair of boots
Stlth    +.........             (no amulet)
HPRegen  1.16/turn              (no ring)
MPRegen  0.18/turn              (no ring)

@: studying Slings, heavily drained
A: fangs 3, regeneration 1, magic shield, antimagic bite, no potion heal 2
a: Renounce Religion, Stomp


You were on level 7 of the Dungeon.
You worshipped Uskayaw.
Uskayaw was noncommittal.
You visited 2 branches of the dungeon, and saw 9 of its levels.

You collected 349 gold pieces.

Inventory:

Hand Weapons
 o - a +3 dagger of flaming (weapon)
Missiles
 t - 3 boomerangs
 w - 15 poisoned darts (quivered)
 K - a boomerang of dispersal
Armour
 b - a +0 leather armour (worn)
 i - a +0 helmet (worn)
 m - a +2 pair of boots (worn)
 n - a +0 tower shield
Jewellery
 q - a +4 ring of evasion
Wands
 v - a wand of polymorph (9)
Scrolls
 a - 3 scrolls of amnesia
 d - 2 scrolls of fog {unknown}
 g - a scroll of noise {unknown}
 j - a scroll of enchant weapon
 p - 2 scrolls of magic mapping {unknown}
 r - a scroll of silence {unknown}
 u - 2 scrolls of immolation {unknown}
 B - 3 scrolls of blinking
 T - 2 scrolls of teleportation
Potions
 e - 2 potions of ambrosia {unknown}
 f - a potion of invisibility
 h - 4 potions of brilliance
 k - a potion of berserk rage {unknown}
 l - 3 potions of flight
 s - a potion of lignification {unknown}
 x - a potion of attraction {unknown}
 H - a potion of haste
 Q - 2 potions of curing


   Skills:
 + Level 7.7 Fighting
 - Level 5.1 Short Blades
 - Level 0.8 Throwing
 + Level 2.2 Armour
 - Level 1.5 Dodging
 - Level 8.0 Spellcasting
 + Level 8.7 Translocations


You had 12 spell levels left.
You knew the following spells:

 Your Spells              Type           Power      Damage    Failure   Level
a - Gell's Gravitas       Tloc           13%        N/A       1%          3
b - Manifold Assault      Tloc           27%        N/A       13%         5
d - Blink                 Tloc           N/A        N/A       1%          2
e - Lesser Beckoning      Tloc           13%        N/A       1%          3

Your spell library contained the following spells:

 Spells                   Type           Power      Damage    Failure   Level
 Teleport Other           Tloc           27%        N/A       1%          3
 Beastly Appendage        Tmut           10%        N/A       17%         1
 Corona                   Hex            5%         N/A       17%         1
 Sandblast                Erth           10%        2d5       17%         1
 Ensorcelled Hibernation  Hex/Ice        10%        N/A       26%         2
 Passwall                 Tmut/Erth      4%         N/A       26%         2
 Wereblood                Tmut           5%         N/A       26%         2
 Confusing Touch          Hex            5%         N/A       45%         3
 Dazzling Flash           Conj/Hex       10%        N/A       45%         3
 Spider Form              Tmut/Pois      2%         N/A       45%         3
 Stone Arrow              Conj/Erth      10%        3d7       45%         3
 Tukima's Dance           Hex            5%         N/A       45%         3
 Ice Form                 Ice/Tmut       5%         N/A       86%         4
 Petrify                  Tmut/Erth      5%         N/A       86%         4
 Hydra Form               Tmut           2%         N/A       99%         5
 Lee's Rapid Deconstruct  Erth           2%         3d6*      99%         5


Dungeon Overview and Level Annotations

Branches:
Dungeon (8/15)             Temple (1/1) D:7
   Lair: D:8-11

Altars:
Ashenzari
Cheibriados
Dithmenos
Elyvilon
Fedhas
Gozag
Hepliaklqana
Kikubaaqudgha
Makhleb
Nemelex Xobeh
Okawaru
Qazlal
Ru
Sif Muna
Trog
Uskayaw
Wu Jian
Xom
Yredelemnul
Zin
The Shining One

Shops:
D:6 =

Annotations:
D:5 1 runed translucent door
D:6 1 runed translucent door


Innate Abilities, Weirdness & Mutations

You have razor-sharp teeth.
Your natural rate of healing is unusually fast.
When hurt, damage is shared between your health and your magic reserves.
Your bite disrupts and absorbs the magic of your enemies.
Potions cannot restore your health.


Message History

You hit the wight but do no damage.
The wight is heavily damaged.
The wight misses you. The wight closely misses you.
You hit the wight. You burn the wight. Your bite misses the wight.
The wight is severely damaged.
The wight barely misses you.
The wight hits you from afar with a +0 spear!
The wight closely misses you.
You hit the wight. You burn the wight. You bite the wight.
You destroy the wight!
The wight hits you but does no damage.
The wight hits you from afar with a +0 spear.
You feel drained.
You can now pass through a line of other dancers.
A wight comes into view. It is wielding a +0 short sword.
The wight hits you but does no damage. The wight hits you with a +0 spear.
Things that are here:
a +3 great sword; a +0 robe You hit the wight but do no damage.
The wight is lightly damaged.
The wight hits you with a +0 spear.
You feel drained.
You hit the wight but do no damage. Your bite misses the wight.
The wight is lightly damaged.
The wight hits you with a +0 spear.
You feel drained.
You closely miss the wight. Your bite misses the wight.
The wight is lightly damaged.
The wight completely misses you. The wight hits you with a +0 spear.
You feel drained.
The wight hits you from afar with a +0 spear. x2
You can no longer pass through a line of other dancers.
A wyvern comes into view.
The wyvern barely misses you. The wyvern barely misses you.
The wyvern closely misses you. The wyvern bites you!
The wyvern closely misses you.
The wight hits you from afar with a +0 spear!
There is a stone staircase leading up, spattered with blood here.
The wyvern bites you!
* * * LOW HITPOINT WARNING * * *
The wight hits you from afar with a +0 spear.
* * * LOW HITPOINT WARNING * * *
The wight closely misses you.
You climb upwards.
There is a stone staircase leading down here.
The wyvern closely misses you.
You barely miss the wyvern. You bite the wyvern, but do no damage.
The wyvern bites you.
* * * LOW HITPOINT WARNING * * *
You hit the wyvern but do no damage. The wyvern bites you!
You die...

# #.#.# ####.##.# #
#.#.###########....##.# #
#.#.............#......
###########.................###.#
...............############## #.#
###########.#..# #.# #.#..# #.#
#.#..################)#
####.#..l@............##.#
#....#.##############.##.#
#.####.# #...#.. ########.####.##
#...... .......#.......# #...#.#
######.######..## #####.#
#..........## #.# #######.....##
#.# #######...........# ####..


You could see a wyvern.

Vanquished Creatures
  A two-headed ogre (D:5)
  The ghost of Cralpanu the Conjurer, a novice DrCj (D:5)
  A komodo dragon (D:5)
  Prince Ribbit (D:5)
  Menkaure (D:7)
  A steam dragon (D:6)
  Duvessa (D:4)
  3 water moccasins
  A black bear (D:4)
  A hornet zombie (D:5)
  4 ogres
  2 necrophages
  2 phantoms (D:5)
  3 centaurs
  A kobold brigand (D:6)
  A bullfrog (D:5)
  4 scorpions
  Dowan (D:4)
  A wyvern zombie (D:6)
  A water moccasin skeleton (D:4)
  9 wights
  2 bullfrog zombies (D:6)
  A centaur zombie (D:5)
  3 jellies
  2 bullfrog skeletons
  3 hounds
  A gnoll shaman (D:6)
  An iron imp (D:6)
  2 iguanas (D:5)
  An orc wizard (D:7)
  A killer bee zombie (D:6)
  A hound skeleton (D:5)
  2 howler monkey skeletons
  6 gnolls
  8 adders
  A shadow imp (D:5)
  2 white imps
  An ufetubus (D:6)
  2 adder skeletons
  2 worms
  2 dart slugs (D:3)
  15 orcs
  6 endoplasms
  3 giant cockroaches
  6 goblins
  5 hobgoblins
  9 jackals
  14 kobolds
  4 quokkas
  5 ball pythons
  2 bats
  2 frilled lizards
  A goblin zombie (D:6)
  A quokka skeleton (D:4)
  3 rats
161 creatures vanquished.

Notes
Turn   | Place    | Note
-------+----------+-------------------------------------------
     0 | D:1      | Gorglomux the Vine Stalker Warper began the quest for the
                  | Orb.
     0 | D:1      | Reached XP level 1. HP: 11/11 MP: 4/4
     1 | D:1      | Noticed an electric eel
   120 | D:1      | You fall into a shaft and drop 1 floor!
   295 | D:2      | Reached XP level 2. HP: 7/15 MP: 6/6
   298 | D:2      | Learned a level 2 spell: Blink
   568 | D:2      | Found a faded altar of an unknown god.
  1314 | D:1      | Reached skill level 3 in Short Blades
  1601 | D:1      | Reached XP level 3. HP: 15/18 MP: 7/7
  2504 | D:3      | Gained mutation: Your natural rate of healing is unusually
                  | fast. [Vine Stalker growth]
  2504 | D:3      | Reached XP level 4. HP: 22/23 MP: 6/8
  2755 | D:3      | Reached XP level 5. HP: 7/26 MP: 2/9
  3180 | D:3      | Found a shimmering altar of Xom.
  3365 | D:4      | Noticed an ogre
  3504 | D:4      | Noticed Duvessa
  3504 | D:4      | Noticed Dowan
  3573 | D:4      | Noticed an ogre
  3763 | D:4      | Killed an ogre
  3764 | D:4      | Reached XP level 6. HP: 29/32 MP: 9/11
  3773 | D:4      | Reached skill level 3 in Spellcasting
  3803 | D:4      | Killed Duvessa
  3804 | D:4      | Reached skill level 3 in Fighting
  3804 | D:4      | Reached XP level 7. HP: 15/36 MP: 9/13
  3812 | D:4      | Killed Dowan
  4328 | D:4      | Learned a level 3 spell: Gell's Gravitas
  4332 | D:4      | Learned a level 3 spell: Lesser Beckoning
  4338 | D:4      | Learned a level 5 spell: Manifold Assault
  4354 | D:5      | Entered Level 5 of the Dungeon
  4376 | D:5      | Gained mutation: You have razor-sharp teeth. [Vine Stalker
                  | growth]
  4376 | D:5      | Reached XP level 8. HP: 27/42 MP: 12/15
  4794 | D:5      | Noticed Prince Ribbit
  4820 | D:5      | Killed Prince Ribbit
  4873 | D:5      | Reached skill level 6 in Translocations
  4914 | D:5      | Found a runed translucent door.
  4918 | D:5      | Noticed Cralpanu's ghost (novice DrCj)
  4985 | D:5      | Found a runed translucent door.
  5368 | D:6      | Found a runed translucent door.
  5369 | D:6      | Noticed a komodo dragon
  5492 | D:6      | Reached skill level 6 in Spellcasting
  5492 | D:6      | Reached XP level 9. HP: 40/47 MP: 7/19
  5826 | D:6      | Noticed a two-headed ogre
  6098 | D:6      | Reached skill level 6 in Fighting
  6190 | D:5      | Killed a komodo dragon
  6393 | D:6      | Found a basalt altar of Yredelemnul.
  6567 | D:6      | Found Kituem's Jewellery Boutique.
  6575 | D:6      | Noticed a cyclops
  6670 | D:5      | Killed a two-headed ogre
  6671 | D:5      | Reached XP level 10. HP: 46/55 MP: 5/22
  6872 | D:5      | Killed Cralpanu's ghost
  6921 | D:6      | Found a white marble altar of Elyvilon.
  6940 | D:6      | Reached skill level 1 in Armour
  6965 | D:6      | Found a snail-covered altar of Cheibriados.
  7055 | D:6      | Noticed a swamp dragon
  7055 | D:6      | a cyclops changed into a swamp dragon
  7583 | D:7      | Found a staircase to the Ecumenical Temple.
  7596 | Temple   | Entered the Ecumenical Temple
  7824 | Temple   | Became a worshipper of Uskayaw the Reveller
  8031 | D:7      | Found a shadowy altar of Dithmenos.
  8036 | D:7      | Noticed Menkaure
  8037 | D:7      | Reached * piety under Uskayaw
  8045 | D:7      | Reached ** piety under Uskayaw
  8046 | D:7      | Killed Menkaure
  8514 | D:7      | Slain by a wyvern

Illustrated notes

Levels and vault maps discovered:
D:1:      arrival_aquarium_a, layout_rooms, minmay_octomino_j4
D:2:      layout_loops_ring, shapermc_ecumenical_altar_notcrosses, st_stairs_11
D:3:      minmay_bubble_buster, layout_rooms, lemuel_crystal_altar,
          serial_forest, infiniplex_forest_lined_3, infiniplex_forest_lined_2,
          infiniplex_forest_lined_room_, infiniplex_forest_lined_4_way,
          infiniplex_forest_end_3, infiniplex_forest_fountain,
          infiniplex_forest_lined_2
D:4:      minmay_inner_zag, layout_basic, minmay_misc_feat_square,
          chequers_serial_rivers_micro_e, uniq_duvessa
D:5:      layout_cave_pods, ebering_ghost_sewer_f, uniq_prince_ribbit1
D:6:      layout_cave_pools, slow_altar_2, dk_yredelemnul_ordeal,
          lemuel_tele_altar, serial_shops, shop, minmay_manual_moon,
          uniq_crazy_yiuf_cottage, uniq_pikel
D:7:      layout_loops_ring, grunt_dithmenos_smoke, minmay_temple_entry_fiery,
          uniq_menkaure
D:8:      layout_gridville, vehumet_crystals
Temple:   regret_index_temple_sphere_string

Skill      XL: |  1  2  3  4  5  6  7  8  9 10 |
---------------+-------------------------------+-----
Short Blades   | 2 3 4 5 |  5.1
Fighting       | 2 3 4 5 7 |  7.7
Spellcasting   | 3 4 6 7 8 |  8.0
Translocations | 4 5 6 8 |  8.7
Armour         | 2 |  2.2
Throwing       | |  0.8
Dodging        | |  1.5

Action                   |  1- 3 |  4- 6 |  7- 9 | 10-12 || total
-------------------------+-------+-------+-------+-------++-------
Melee: Short sword       |    99 |       |       |       ||    99
       Bite              |    22 |    40 |   110 |    70 ||   242
       Dagger            |    17 |   153 |   351 |   200 ||   721
Throw: Boomerang         |       |     3 |     1 |       ||     4
       Dart              |       |       |    16 |       ||    16
 Cast: Gell's Gravitas   |       |       |    14 |     8 ||    22
       Blink             |       |       |     8 |       ||     8
       Lesser Beckoning  |       |       |     1 |     4 ||     5
       Manifold Assault  |       |       |     1 |     4 ||     5
Evoke: Wand              |       |       |       |     2 ||     2
  Use: Scroll            |       |     3 |     3 |     3 ||     9
       Potion            |       |     2 |       |       ||     2
 Stab: Sleeping          |       |     1 |       |       ||     1
       Distracted        |       |       |     1 |       ||     1
Armor: Leather armour    |    35 |    20 |    97 |    43 ||   195
Dodge: Dodged            |    65 |    53 |   170 |    97 ||   385

Table legend: (Time is in decaauts)
 A = Elapsed time spent in this place.
 B = Non-inter-level travel time spent in this place.
 C = Inter-level travel time spent in this place.
 D = Time resting spent in this place.
 E = Time spent auto-exploring this place.
 F = Levels seen in this place.
 G = Mean time per level.
                   A        B        C        D        E       F      G
               +--------+--------+--------+--------+--------+-----+--------+
         Total |   8350 |   7626 |    724 |    938 |   4589 |   9 |  927.8 |
       Dungeon |   8092 |   7448 |    644 |    938 |   4422 |   8 | 1011.5 |
        Temple |    257 |    177 |     80 |      0 |    167 |   1 |  257.0 |
               +--------+--------+--------+--------+--------+-----+--------+

Top non-repeatable levels by time:
     D:5: 1937 daAuts
     D:2: 1370 daAuts
     D:1: 1049 daAuts
     D:3: 1007 daAuts
     D:6: 959 daAuts
     D:7: 868 daAuts
     D:4: 864 daAuts
  Temple: 257 daAuts
     D:8: 36 daAuts
